 Dungeon Crawl Stone Soup version bcrawl-1.19.1 (webtiles) character file.

Game seed: 9349811308457307557

1442 Freyura the Skirmisher (level 8, -3/71 HPs)
             Began as a Hill Orc Fighter on Nov 29, 2019.
             Was a Follower of Beogh.
             Splashed by a jelly's acid (5 damage)
             ... on level 5 of the Dungeon.
             The game lasted 00:11:39 (4116 turns).

Freyura the Skirmisher (Hill Orc Fighter)           Turns: 4116, Time: 00:11:40

Health: -3/71      AC:  9    Str: 19    XL:     8   Next: 74%
Magic:  11/11      EV:  9    Int: 14    God:    Beogh [*.....]
Gold:   268        SH: 10    Dex: 12    Spells: 7/7 levels left

rFire    . . .     SeeInvis .   a - +0 trident
rCold    . . .     Gourm    .   c - +0 shield
rNeg     . . .     Faith    .   b - +0 scale mail
rPois    .         Spirit   .   (no helmet)
rElec    +         Reflect  .   s - +1 cloak
rCorr    .         Harm     .   (no gloves)
MR       .....                  (no boots)
Stlth    ..........             (no amulet)
HPRegen  0.21/turn              d - +6 ring of intelligence
MPRegen  0.12/turn              l - ring of insulation

@: no status effects
A: no striking features
a: Renounce Religion


You were on level 5 of the Dungeon.
You worshipped Beogh.
Beogh was aware of your devotion.
You were not hungry.

You visited 1 branch of the dungeon, and saw 5 of its levels.

You collected 268 gold pieces.

Inventory:

Hand Weapons
 a - a +0 trident (weapon)
 y - a +2 vampiric hand axe
Armour
 b - a +0 scale mail (worn)
 c - a +0 shield (worn)
 s - a +1 cloak (worn)
Jewellery
 d - a +6 ring of intelligence (left hand)
 l - a ring of insulation (right hand)
Wands
 n - a wand of flame (22)
 p - a wand of random effects (7)
Scrolls
 e - 5 scrolls of teleportation
 k - 2 scrolls of identify
Potions
 g - a potion of berserk rage {unknown}
 h - 2 potions of mutation {unknown}
 i - 2 potions of resistance {unknown}
 j - 3 potions of heal wounds
 m - 2 potions of curing {unknown}
 q - a potion of flight {unknown}
 r - a potion of lignification {unknown}
 u - a potion of degeneration {unknown}
 v - a potion of ambrosia {unknown}
 z - a potion of brilliance {unknown}
Comestibles
 f - 10 rations {!d}


   Skills:
 * Level 6.6 Fighting
   Level 6.6 Short Blades
   Level 6.6 Long Blades
   Level 6.6 Axes
   Level 6.6 Maces & Flails
   Level 6.6 Polearms
   Level 6.6 Staves
 + Level 5.8 Armour
 + Level 3.3 Dodging
 + Level 5.7 Shields
   Level 6.6 Unarmed Combat
 + Level 4.8 Invocations


You had 7 spell levels left.
You didn't know any spells.
Your spell library was empty.

Dungeon Overview and Level Annotations

Branches:
Dungeon (5/12)
 Temple: D:4-7

Altars:
Lugonu
Ru
Trog


Message History

* * * LOW HITPOINT WARNING * * *
You hit the orc.
The orc is moderately wounded.
You block the orc's attack.
You hit the orc.
The orc is heavily wounded.
The orc hits you.
* * * LOW HITPOINT WARNING * * *
You barely miss the orc.
The orc is heavily wounded.
You block the orc's attack.
You puncture the orc!
You kill the orc!
Beogh accepts your kill.
You hit the jelly but do no damage.
Your hands burn!
* * * LOW HITPOINT WARNING * * *
You block the jelly's attack.
You barely miss the jelly. You block the jelly's attack.
You hit the jelly.
Your hands burn!
You die...

#.######### #.#
####.#### ♣).♣
#.####### #.#
#.......# ♣♣)♣
........#
#.######.#...###
♣)♣♣ #.#####.#
#.....[.......##
♣♣)♣ #.#
#####..........#
♣.♣ #.#
#.##.##..### ♣♣.
#.## ###
#.##.###.# ##)
.....
.....###.##.#
#.# #.. .....
......J@....#
#.# #)) #####
####.###.####
#.# #.. #.####
#.### ### #....#
#<#.# # ####.#
#...# #.# ###.#
#.# #.# #.# #.#
#># #.#


You could see a jelly.

Vanquished Creatures
  Sigmund (D:4)
  A sky beast (D:5)
  A black bear (D:4)
  An ice beast (D:5)
  5 ogres
  Blork the orc (D:5)
  2 crimson imps
  A quasit (D:5)
  Crazy Yiuf (D:5)
  A bullfrog skeleton (D:4)
  Terence (D:2)
  An iguana (D:3)
  Ijyb (D:4)
  Natasha (thrice) (D:3)
  2 orc wizards (D:5)
  2 worker ants
  4 adders
  5 worms
  A dart slug (D:3)
  2 leopard geckos (D:1)
  4 orcs (D:5)
  7 bats
  3 giant cockroaches
  4 goblins
  11 hobgoblins
  6 jackals
  5 kobolds
  A quokka (D:2)
  A frilled lizard (D:2)
  2 quokka skeletons (D:4)
  3 rats
84 creatures vanquished.

Notes
Turn   | Place    | Note
-------+----------+-------------------------------------------
     0 | D:1      | Freyura the Hill Orc Fighter began the quest for the Orb.
     0 | D:1      | Reached XP level 1. HP: 20/20 MP: 1/1
   120 | D:1      | Reached XP level 2. HP: 24/27 MP: 2/2
   893 | D:2      | Reached XP level 3. HP: 33/34 MP: 3/3
   910 | D:2      | Noticed Terence
   917 | D:2      | Killed Terence
   917 | D:2      | Reached skill level 1 in Dodging
  1171 | D:2      | Reached XP level 4. HP: 41/41 MP: 4/4
  1394 | D:3      | Became a worshipper of Beogh the Brigand
  1436 | D:3      | Found a sacrificial altar of Ru.
  1488 | D:3      | Noticed Natasha
  1493 | D:3      | Killed Natasha
  1499 | D:3      | Noticed an ogre
  1515 | D:3      | Killed an ogre
  1515 | D:3      | Reached skill level 1 in Invocations
  1515 | D:3      | Reached XP level 5. HP: 35/47 MP: 4/6
  1657 | D:3      | Noticed Natasha
  1665 | D:3      | Killed Natasha
  1665 | D:3      | Reached skill level 5 in Fighting
  1689 | D:3      | Noticed Natasha
  1695 | D:3      | Killed Natasha
  1695 | D:3      | Reached XP level 6. HP: 52/56 MP: 7/7
  2059 | D:4      | Noticed Ijyb
  2097 | D:4      | Killed Ijyb
  2097 | D:4      | Reached * piety under Beogh
  2414 | D:4      | Found a bloodstained altar of Trog.
  2458 | D:4      | Reached XP level 7. HP: 61/61 MP: 7/9
  3161 | D:4      | Reached skill level 5 in Armour
  3179 | D:4      | Noticed Sigmund
  3202 | D:4      | Killed Sigmund
  3202 | D:4      | Reached skill level 5 in Shields
  3202 | D:4      | Reached XP level 8. HP: 49/70 MP: 10/10
  3353 | D:5      | Entered Level 5 of the Dungeon
  3398 | D:5      | Reached skill level 6 in Fighting
  3461 | D:5      | Found a corrupted altar of Lugonu.
  3861 | D:5      | Noticed Blork the orc
  3877 | D:5      | Killed Blork the orc
  3987 | D:5      | Found a runed door.
  3995 | D:5      | Noticed Crazy Yiuf
  3999 | D:5      | Killed Crazy Yiuf
  4114 | D:5      | HP: 2/71 [acid (3)]
  4116 | D:5      | Splashed by a jelly's acid

Skill      XL: |  1  2  3  4  5  6  7  8 |
---------------+-------------------------+-----
Dodging        | 1 2 3 |  3.3
Armour         | 4 5 |  5.8
Shields        | 4 5 |  5.7
Invocations    | 1 2 3 4 |  4.8
Fighting       | 5 6 |  6.6
Short Blades   | |  6.6
Long Blades    | |  6.6
Axes           | |  6.6
Maces & Flails | |  6.6
Polearms       | |  6.6
Staves         | |  6.6
Unarmed Combat | |  6.6

Action                   |  1- 3 |  4- 6 |  7- 9 || total
-------------------------+-------+-------+-------++-------
Melee: Trident           |    91 |   123 |   211 ||   425
       Unarmed           |       |    14 |       ||    14
Invok: Convert to Beogh  |       |     1 |       ||     1
Evoke: Wand              |       |     4 |       ||     4
  Use: Scroll            |     1 |       |     5 ||     6
       Potion            |     1 |       |       ||     1
  Eat: Chunk             |     1 |     3 |     7 ||    11
Armor: Scale mail        |    27 |    27 |    48 ||   102
       Skin              |       |     2 |       ||     2
Dodge: Dodged            |    18 |    53 |    44 ||   115
Block: Shield            |    28 |    43 |    72 ||   143
